 Dungeon Crawl Stone Soup version 0.21.1-1-g345015f (webtiles) character file.

600 unrecovered the Fighter (level 7, -3/87 HPs)
             Began as an Ogre Berserker on Feb 21, 2018.
             Was a Believer of Trog.
             Slain by an elf zombie (5 damage)
             ... in an ossuary.
             The game lasted 00:10:06 (3440 turns).

unrecovered the Fighter (Ogre Berserker)            Turns: 3440, Time: 00:10:06

Health: -3/87      AC:  6    Str: 23 (24) XL:     7   Next: 41%
Magic:  7/7        EV: 10    Int:  7 (8)  God:    Trog [**....]
Gold:   61         SH:  0    Dex:  5 (8)  Spells: 6/6 levels left

rFire    . . .     SeeInvis .   r - +5 quarterstaff (chaos)
rCold    . . .     Gourm    .   (shield currently unavailable)
rNeg     . . .     Faith    .   b - +0 animal skin
rPois    .         Spirit   .   (helmet restricted)
rElec    .         Reflect  .   q - +2 cloak
rCorr    .         Harm     .   (gloves unavailable)
MR       +....                  (boots unavailable)
Stlth    +.........             (no amulet)
HPRegen  0.24/turn              m - ring of protection from magic
MPRegen  0.10/turn              (no ring)

@: no status effects
A: large, unfitting armour, tough skin 1
a: Berserk, Trog's Hand, Burn Spellbooks, Renounce Religion


You were in an ossuary.
You worshipped Trog.
Trog was pleased with you.
You were hungry.

You visited 1 branch of the dungeon, and saw 4 of its levels.
You also visited: Ossuary.

You collected 124 gold pieces.
You spent 63 gold pieces at shops.

Inventory:

Hand Weapons
 o - a +0 flail
 r - a +5 quarterstaff of chaos (weapon)
Armour
 b - a +0 animal skin (worn)
 q - a +2 cloak (worn)
Jewellery
 m - a ring of protection from magic (left hand)
Wands
 p - a wand of iceblast (10)
Scrolls
 a - a scroll of amnesia {unknown}
 f - 2 scrolls of noise
 g - 4 scrolls of remove curse
 h - 2 scrolls of random uselessness
 j - a scroll of teleportation
 l - a scroll of enchant weapon
 s - a scroll of identify
Potions
 e - a potion of flight
Comestibles
 c - 9 rations
 n - 2 chunks of flesh


   Skills:
 + Level 10.6 Fighting
 - Level 2.8 Maces & Flails
 - Level 2.8 Dodging


You had 6 spell levels left.
You didn't know any spells.

Dungeon Overview and Level Annotations

Branches:
Dungeon (4/15)
 Temple: D:4-7

Altars:

Shops:
D:4 *%(


Innate Abilities, Weirdness & Mutations

You are too large for most types of armour.
You have tough skin. (AC +1)


Message History

* * * LOW HITPOINT WARNING * * *
Deactivating autopickup; reactivate with Ctrl-A.
Something hits you.
* * * LOW HITPOINT WARNING * * *
You barely miss something. Something hits you!
* * * LOW HITPOINT WARNING * * *
You feel better.
Your skin stops crawling.
You feel less resistant to hostile enchantments.
Something hits you but does no damage.
You barely miss something. Something hits you!
* * * LOW HITPOINT WARNING * * *
You barely miss something. Something hits you.
* * * LOW HITPOINT WARNING * * *
You're too hungry.
Eat one of 3 chunks of flesh? (ye/n/q)
You eat one of the 3 chunks of flesh.
This raw flesh tastes terrible.
You are feeling hungry.
Something hits you.
You die...

.....................#
......................#
......................
#...............##..
.##...............#
...................
.......Z.Z........
........#####.....
.........@........
.........{∩.......
##################


There were no monsters in sight!

Vanquished Creatures
  The ghost of jasper the Destroyer, an amateur DrCj (D:4)
  Crazy Yiuf (D:3)
  A human zombie (Ossuary)
  Jessica (D:3)
  Terence (D:2)
  2 orc wizards (D:4)
  A worker ant (D:3)
  2 big kobold zombies (Ossuary)
  2 mummies
  4 gnolls (D:4)
  2 adders (D:3)
  2 adder zombies (Ossuary)
  2 worms (D:2)
  A dart slug (D:1)
  4 leopard geckos
  5 orcs
  5 bats
  2 giant cockroaches
  A gnoll zombie (Ossuary)
  7 goblins
  13 hobgoblins
  7 jackals
  A ball python (D:1)
  4 frilled lizards
  A goblin zombie (Ossuary)
  2 hobgoblin zombies (Ossuary)
  A jackal zombie (Ossuary)
  7 kobolds
  An orc zombie (Ossuary)
  7 rats
  A fungus (D:3)
92 creatures vanquished.

Notes
Turn   | Place    | Note
-------+----------+-------------------------------------------
     0 | D:1      | unrecovered the Ogre Berserker began the quest for the Orb.
     0 | D:1      | Reached XP level 1. HP: 24/24 MP: 1/1
   139 | D:1      | Reached XP level 2. HP: 24/33 MP: 2/2
   372 | D:1      | Reached skill level 5 in Fighting
   589 | D:1      | Reached XP level 3. HP: 35/42 MP: 3/3
  1065 | D:2      | Noticed Terence
  1080 | D:2      | Killed Terence
  1080 | D:2      | Reached ** piety under Trog
  1080 | D:2      | Reached skill level 6 in Fighting
  1080 | D:2      | Reached XP level 4. HP: 52/52 MP: 4/4
  2033 | D:3      | Noticed Jessica
  2045 | D:3      | Killed Jessica
  2045 | D:3      | Reached skill level 7 in Fighting
  2045 | D:3      | Reached XP level 5. HP: 57/62 MP: 5/5
  3127 | D:3      | Found a runed door.
  3131 | D:3      | Noticed Crazy Yiuf
  3135 | D:3      | Killed Crazy Yiuf
  3135 | D:3      | Reached skill level 8 in Fighting
  3213 | D:4      | Reached XP level 6. HP: 74/74 MP: 6/6
  3286 | D:4      | Noticed jasper's ghost (amateur DrCj)
  3295 | D:4      | Killed jasper's ghost
  3295 | D:4      | Reached skill level 9 in Fighting
  3295 | D:4      | Reached XP level 7. HP: 84/84 MP: 7/7
  3299 | D:4      | Found Uvvugaet's Antique Weapon Boutique.
  3302 | D:4      | Found Huig's Assorted Antiques.
  3311 | D:4      | Bought a scroll labeled OSTAGU PISCH for 21 gold pieces
  3311 | D:4      | Bought a scroll of identify for 42 gold pieces
  3317 | D:4      | Reached skill level 10 in Fighting
  3319 | D:4      | Reached *** piety under Trog
  3324 | D:4      | Found Yheyjos's Food Emporium.
  3358 | D:4      | Found a sand-covered staircase.
  3369 | Ossuary  | Entered an ossuary
  3436 | Ossuary  | HP: 2/87 [something (7)]
  3440 | Ossuary  | Slain by an elf zombie

Skill      XL: |  1  2  3  4  5  6  7 |
---------------+----------------------+-----
Fighting       | 5 6 7 8 9 10 | 10.6
Maces & Flails | |  2.8
Dodging        | |  2.8

Action                   |  1- 3 |  4- 6 |  7- 9 || total
-------------------------+-------+-------+-------++-------
Melee: Mace              |   115 |   159 |       ||   274
       Quarterstaff      |       |    25 |    57 ||    82
Invok: Berserk           |     2 |     7 |     1 ||    10
       Trog's Hand       |       |     1 |     4 ||     5
  Use: Scroll            |       |    10 |     2 ||    12
       Potion            |       |     1 |     5 ||     6
  Eat: Chunk             |     2 |    14 |     3 ||    19
Armor: Animal skin       |    32 |    63 |    63 ||   158
Dodge: Dodged            |    87 |   130 |    75 ||   292
